 Dungeon Crawl Stone Soup version 0.26-a0-854-gdc81c2f471 (webtiles) character file.

Game seed: 11023351384135415841

143 iamoutofideas the Chopper (level 5, -1/63 HPs)
             Began as a Barachi Fighter on Nov 23, 2020.
             Succumbed to an orc's poison
             ... on level 3 of the Dungeon.
             The game lasted 00:02:17 (1827 turns).

iamoutofideas the Chopper (Barachi Fighter)         Turns: 1827, Time: 00:02:18

Health: -1/63      AC: 22    Str: 18    XL:     5   Next: 25%
Magic:  5/5        EV:  2    Int:  8    God:
Gold:   118        SH:  0    Dex: 12    Spells: 4/4 levels left

rFire    + . .     SeeInvis .   a - +0 war axe
rCold    + . .     Faith    .   (no shield)
rNeg     + + +     Spirit   .   (armour currently unavailable)
rPois    +         Reflect  .   (helmet currently unavailable)
rElec    +         Harm     .   (cloak currently unavailable)
rCorr    +         Rampage  .   (gloves currently unavailable)
MR       .....     NoTele   +   (boots currently unavailable)
Stlth    +.........             (no amulet)
HPRegen  0.20/turn              (no ring)
MPRegen  0.09/turn              (no ring)

@: lethally poisoned (-1 -> -15), tree-form, resistant
A: +LOS, swims
a: no special abilities


You were on level 3 of the Dungeon.
You were a tree.
You visited 1 branch of the dungeon, and saw 3 of its levels.

You collected 118 gold pieces.

Inventory:

Hand Weapons
 a - a +0 war axe (weapon)
Missiles
 o - 53 poisoned darts (quivered)
Armour
 b - a +0 scale mail (melded)
 c - a +0 kite shield
 n - a +0 pair of boots (melded)
Jewellery
 f - an uncursed ring of poison resistance {unknown}
 h - an uncursed ring of wizardry {unknown}
 k - an uncursed ring of flight {unknown}
 p - a +6 ring of dexterity {unknown}
Scrolls
 e - a scroll of identify {unknown}
 g - a scroll of enchant armour {unknown}
 i - a scroll of teleportation {unknown}
 j - 2 scrolls of enchant weapon {unknown}
 r - 2 scrolls of remove curse {unknown}
Potions
 d - 2 potions of might


   Skills:
 - Level 4.0 Fighting
 + Level 5.3 Axes
 - Level 4.0 Armour
 - Level 3.3 Shields


You had 4 spell levels left.
You didn't know any spells.
Your spell library was empty.

Dungeon Overview and Level Annotations

Branches:
Dungeon (3/15)

Altars:
Sif Muna
Wu Jian


Innate Abilities, Weirdness & Mutations

You can be seen from farther away. (+LOS)
You can swim through water.
((You cover ground slowly.))
((You can hop short distances.))


Message History

You kill the orc!
* * * LOW HITPOINT WARNING * * *
You feel very sick.
There is a lethal amount of poison in your body!
It was a potion of resistance.
You feel protected.
* * * LOW HITPOINT WARNING * * *
You feel sick.
It was a potion of lignification.
You turn into a tree.
Your +0 pair of boots melds into your body.
Your +0 scale mail melds into your body.
Your roots penetrate the ground.
* * * LOW HITPOINT WARNING * * *
You feel sick.
Okay, then.
There is a lethal amount of poison in your body!
You cannot move.
* * * LOW HITPOINT WARNING * * *
You feel sick.
You die...

#...###.####
#...# .# #...# .#
#...# #.#
#...##..#
###<.#.####...
##.....)....
##..#####.. #♣.##
##)## . ######).#
... #.......#
...# #.......#
.....
#.......###......
#................
#......(.##).....
#.......##.......


There were no monsters in sight!

Vanquished Creatures
  An orc priest (D:3)
  4 adders
  5 dart slugs
  2 leopard geckos (D:1)
  7 orcs (D:3)
  2 ball pythons (D:1)
  6 bats
  A bat skeleton (D:2)
  3 giant cockroaches
  3 goblins
  8 hobgoblins
  3 kobolds
  A quokka (D:3)
  3 frilled lizards
  A leopard gecko skeleton (D:2)
  7 rats
57 creatures vanquished.

Vanquished Creatures (others)
  5 withered plants (D:2)
5 creatures vanquished.

Grand Total: 62 creatures vanquished

Notes
Turn   | Place    | Note
-------+----------+-------------------------------------------
     0 | D:1      | iamoutofideas the Barachi Fighter began the quest for the
                  | Orb.
     0 | D:1      | Reached XP level 1. HP: 18/18 MP: 1/1
    65 | D:1      | Reached XP level 2. HP: 15/25 MP: 2/2
   364 | D:1      | Reached XP level 3. HP: 30/30 MP: 3/3
   368 | D:1      | Reached skill level 3 in Axes
  1001 | D:2      | Reached XP level 4. HP: 37/37 MP: 4/4
  1027 | D:2      | Reached skill level 4 in Axes
  1390 | D:2      | Found an ornate altar of the Wu Jian Council.
  1425 | D:2      | Found a shimmering blue altar of Sif Muna.
  1716 | D:3      | Reached skill level 5 in Axes
  1716 | D:3      | Reached XP level 5. HP: 13/42 MP: 5/5
  1824 | D:3      | HP: 2/42 [poisoned by an orc]
  1827 | D:3      | Succumbed to an orc's poison

Illustrated notes

Levels and vault maps discovered:
D:1:      minmay_arrival_solitary_statue, layout_rooms, feat_on_display
D:2:      layout_basic, general_overflow_altar, led_sif_pool, serial_undead,
          serial_undead_c, serial_undead_b, serial_undead_f, serial_undead_b,
          serial_undead_e
D:3:      layout_rooms, kennysheep_generic_room_14, uniq_jessica

Skill      XL: |  1  2  3  4 |
---------------+-------------+-----
Fighting       | 4 |  4.0
Armour         | 4 |  4.0
Axes           | 3 5 |  5.3
Shields        | |  3.3

Action                   |  1- 3 |  4- 6 || total
-------------------------+-------+-------++-------
Melee: War axe           |    90 |    75 ||   165
  Use: Potion            |       |     5 ||     5
Armor: Scale mail        |    49 |    57 ||   106
Dodge: Dodged            |    52 |    45 ||    97
Block: Kite shield       |     1 |       ||     1

Table legend: (Time is in decaauts)
 A = Elapsed time spent in this place.
 B = Non-inter-level travel time spent in this place.
 C = Inter-level travel time spent in this place.
 D = Time resting spent in this place.
 E = Time spent auto-exploring this place.
 F = Levels seen in this place.
 G = Mean time per level.
                   A        B        C        D        E       F      G
               +--------+--------+--------+--------+--------+-----+--------+
         Total |   2116 |   2078 |     38 |     49 |   1631 |   3 |  705.3 |
       Dungeon |   2116 |   2078 |     38 |     49 |   1631 |   3 |  705.3 |
               +--------+--------+--------+--------+--------+-----+--------+

Top non-repeatable levels by time:
     D:2: 1196 daAuts
     D:1: 761 daAuts
     D:3: 158 daAuts
